PBL
SOUTHERN MARYLAND BLUE CRABS @ CHESTER PIRATES
07/30/2045
 
TOP OF THE 1ST
Southern Maryland Blue Crabs batting - Pitching for Chester Pirates : LHP Stan Stirnweiss
Pitching: LHP Stan Stirnweiss
Batting: RHB Kevin Popowicz 0-0: Foul Ball, location: 2F
0-1: Ball
1-1: Foul Ball, location: 2F
1-2: Ball
2-2: Ball
3-2: Foul Ball, location: 2F
3-2: Foul Ball, location: 2F
3-2: Base on Balls
Batting: RHB Tony Fernandez 0-0: Fly out, F7 (Line Drive, 7D, EV 106.9 MPH)
Batting: RHB Mike Pitts 0-0: Ball
1-0: Swinging Strike
1-1: Ball
2-1: Foul Ball, location: 2F
2-2: SINGLE (Line Drive, 6D, EV 102.5 MPH)
Kevin Popowicz to second
Batting: RHB Ethan Finke 0-0: Called Strike
Kevin Popowicz steals 3rd base (no throw)
Mike Pitts to second
0-1: Ball
1-1: Foul Ball, location: 2F
1-2: Ball
2-2: Foul Ball, location: 2F
2-2: Strikes out swinging
Batting: RHB Luke Vaccarino 0-0: Fly out, F9 (Flyball, 9LM, EV 77.5 MPH)
Top of the 1st over - 0 runs, 1 hit, 0 errors, 2 left on base; Southern Maryland 0 - Chester 0
BOTTOM OF THE 1ST
Chester Pirates batting - Pitching for Southern Maryland Blue Crabs : RHP Wes Reynolds
Pitching: RHP Wes Reynolds
Batting: RHB Terrence Wilson 0-0: Called Strike
0-1: Foul Ball, location: 2F
0-2: Strikes out swinging
Batting: SHB Don Hauk 0-0: Ball
1-0: Ball
2-0: Called Strike
2-1: Called Strike
2-2: Strikes out looking
Batting: LHB Josh Aerni 0-0: Ball
1-0: Called Strike
1-1: Called Strike
1-2: Ball
2-2: Strikes out swinging
Bottom of the 1st over - 0 runs, 0 hits, 0 errors, 0 left on base; Southern Maryland 0 - Chester 0
TOP OF THE 2ND
Southern Maryland Blue Crabs batting - Pitching for Chester Pirates : LHP Stan Stirnweiss
Batting: RHB Carlos Teniente 0-0: Called Strike
0-1: Foul Ball, location: 2F
0-2: Strikes out swinging
Batting: RHB John Barton 0-0: Ball
1-0: Called Strike
1-1: Ball
2-1: Ground out 5-3 (Groundball, P, EV 84.4 MPH)
Batting: SHB Carlos Carrillo 0-0: Ball
1-0: Called Strike
1-1: Called Strike
1-2: Strikes out looking
Top of the 2nd over - 0 runs, 0 hits, 0 errors, 0 left on base; Southern Maryland 0 - Chester 0
BOTTOM OF THE 2ND
Chester Pirates batting - Pitching for Southern Maryland Blue Crabs : RHP Wes Reynolds
Batting: LHB Dustin Herman 0-0: Swinging Strike
0-1: Called Strike
0-2: Foul Ball, location: 2F
0-2: Ball
1-2: Strikes out looking
Batting: LHB Chad Cutler 0-0: Ball
1-0: Ground out 3-1 (Groundball, 34, EV 86.2 MPH)
Batting: RHB Dan Kurtz 0-0: Swinging Strike
0-1: Called Strike
0-2: Ball
1-2: Strikes out swinging
Bottom of the 2nd over - 0 runs, 0 hits, 0 errors, 0 left on base; Southern Maryland 0 - Chester 0
TOP OF THE 3RD
Southern Maryland Blue Crabs batting - Pitching for Chester Pirates : LHP Stan Stirnweiss
Batting: LHB Vinny Rivera 0-0: Called Strike
0-1: Ball
1-1: Ball
2-1: Called Strike
2-2: Foul Ball, location: 2F
2-2: Ball
3-2: Strikes out swinging
Batting: RHB Kevin Popowicz 0-0: Swinging Strike
0-1: Ground out 6-3 (Groundball, 6, EV 84.4 MPH)
Batting: RHB Tony Fernandez 0-0: Ball
1-0: Ground out 6-3 (Groundball, 6, EV 93.1 MPH)
Top of the 3rd over - 0 runs, 0 hits, 0 errors, 0 left on base; Southern Maryland 0 - Chester 0
BOTTOM OF THE 3RD
Chester Pirates batting - Pitching for Southern Maryland Blue Crabs : RHP Wes Reynolds
Batting: RHB Ken Manser 0-0: Foul Ball, location: 2F
0-1: Ball
1-1: Ball
2-1: Foul Ball, location: 2F
2-2: Ball
3-2: Foul Ball, location: 2F
3-2: Strikes out looking
Batting: RHB Frank Elizondo 0-0: Called Strike
0-1: Ground out 6-3 (Groundball, 6, EV 90.6 MPH)
Batting: RHB Erik Mulligan 0-0: Called Strike
0-1: Fly out, F8 (Flyball, 8RM, EV 93.1 MPH)
Bottom of the 3rd over - 0 runs, 0 hits, 0 errors, 0 left on base; Southern Maryland 0 - Chester 0
TOP OF THE 4TH
Southern Maryland Blue Crabs batting - Pitching for Chester Pirates : LHP Stan Stirnweiss
Batting: RHB Mike Pitts 0-0: Called Strike
0-1: Foul Ball, location: 2F
0-2: Ball
1-2: Reached on error, E6 (Groundball, 6M, EV 107.5 MPH)
Batting: RHB Ethan Finke 0-0: Reached on error, E3 (Groundball, 34S, EV 83.1 MPH)
Mike Pitts to second
Batting: RHB Luke Vaccarino 0-0: Foul Ball, location: 2F
0-1: Called Strike
0-2: Ball
1-2: Foul Ball, location: 2F
1-2: Ball
2-2: Foul Ball, location: 2F
2-2: Grounds into double play, 4-6-3 (Groundball, 4, EV 83.8 MPH)
Mike Pitts to third
Batting: RHB Carlos Teniente 0-0: Called Strike
0-1: Called Strike
0-2: Ball
1-2: Strikes out swinging
Top of the 4th over - 0 runs, 0 hits, 2 errors, 1 left on base; Southern Maryland 0 - Chester 0
BOTTOM OF THE 4TH
Chester Pirates batting - Pitching for Southern Maryland Blue Crabs : RHP Wes Reynolds
Batting: RHB Terrence Wilson 0-0: Ball
1-0: Ball
2-0: SINGLE (Flyball, 3D, EV 89.4 MPH)
Batting: SHB Don Hauk 0-0: Foul Ball, location: 2F
0-1: SINGLE (Flyball, 3D, EV 93.8 MPH)
Terrence Wilson to second
Batting: LHB Josh Aerni 0-0: Ball
1-0: Called Strike
Terrence Wilson steals 3rd base
1-1: Ball
2-1: Called Strike
2-2: SINGLE (Line Drive, 56D, EV 103.1 MPH)
Terrence Wilson scores
Don Hauk to second
Batting: LHB Dustin Herman 0-0: Ball
1-0: Foul Ball, location: 2F
1-1: Ball
2-1: Fly out, F9 (Flyball, 9LS, EV 85.6 MPH)
Batting: LHB Chad Cutler 0-0: Ball
1-0: Ball
Don Hauk steals 3rd base
2-0: Fly out, F8 (Flyball, 8RM, EV 77.5 MPH)
Runner from 3rd tags up, SCORES, throw by CF
Batting: RHB Dan Kurtz 0-0: DOUBLE (Line Drive, 89XD, EV 105.0 MPH)
Josh Aerni to third
Runner from 3rd tries for Home, SAFE, no throw by CF
Batting: RHB Ken Manser 0-0: Ball
1-0: Foul Ball, location: 2F
1-1: Foul Ball, location: 2F
1-2: DOUBLE (Line Drive, 8LXD, EV 100.0 MPH)
Dan Kurtz scores
Batting: RHB Frank Elizondo 0-0: Ball
1-0: Foul Ball, location: 2F
1-1: 2-RUN HOME RUN (Line Drive, 89XD, EV 111.2 MPH), Distance : 439 ft
Pitching: RHP Marco Benavente
Batting: RHB Erik Mulligan 0-0: Ball
1-0: Ball
2-0: Called Strike
2-1: Called Strike
2-2: Strikes out swinging
Bottom of the 4th over - 6 runs, 6 hits, 0 errors, 0 left on base; Southern Maryland 0 - Chester 6
TOP OF THE 5TH
Southern Maryland Blue Crabs batting - Pitching for Chester Pirates : LHP Stan Stirnweiss
Batting: RHB John Barton 0-0: Ball
1-0: Called Strike
1-1: Ground out 4-3 (Groundball, 4M, EV 80.6 MPH)
Batting: SHB Carlos Carrillo 0-0: Ball
1-0: Called Strike
1-1: Called Strike
1-2: Ball
2-2: Foul Ball, location: 2F
2-2: Foul Ball, location: 2F
2-2: Fly out, F7 (Flyball, 7LS, EV 94.4 MPH)
Batting: LHB Vinny Rivera 0-0: Ball
1-0: Foul Ball, location: 2F
1-1: Called Strike
1-2: Ground out 4-3 (Groundball, 4, EV 85.6 MPH)
Top of the 5th over - 0 runs, 0 hits, 0 errors, 0 left on base; Southern Maryland 0 - Chester 6
BOTTOM OF THE 5TH
Chester Pirates batting - Pitching for Southern Maryland Blue Crabs : RHP Marco Benavente
Batting: RHB Terrence Wilson 0-0: Ball
1-0: Ball
2-0: Ground out 5-3 (Groundball, 56, EV 100.6 MPH)
Batting: SHB Don Hauk 0-0: Ball
1-0: Swinging Strike
1-1: Ball
2-1: Ball
3-1: Ground out 3-1 (Groundball, 34S, EV 83.1 MPH)
Batting: LHB Josh Aerni 0-0: Ball
1-0: Ball
2-0: Ball
3-0: Foul Ball, location: 2F
3-1: Called Strike
3-2: Strikes out swinging
Bottom of the 5th over - 0 runs, 0 hits, 0 errors, 0 left on base; Southern Maryland 0 - Chester 6
TOP OF THE 6TH
Southern Maryland Blue Crabs batting - Pitching for Chester Pirates : LHP Stan Stirnweiss
Batting: RHB Kevin Popowicz 0-0: Ball
1-0: Ball
2-0: Ball
3-0: Base on Balls
Batting: RHB Tony Fernandez 0-0: Ball
1-0: Called Strike
1-1: Ball
2-1: Ball
3-1: Base on Balls
Kevin Popowicz to second
Batting: RHB Mike Pitts 0-0: Foul Ball, location: 2F
0-1: Called Strike
0-2: Strikes out swinging
Pitching: RHP Bill Gomez
Batting: RHB Ethan Finke 0-0: Ball
1-0: Fielders Choice at 2nd, 6-4 (Groundball, 6, EV 100.6 MPH)
Kevin Popowicz to third
Batting: RHB Luke Vaccarino 0-0: Ball
1-0: Ball
2-0: Called Strike
2-1: Foul Ball, location: 2F
2-2: Foul Ball, location: 2F
2-2: Fly out, F5 (Popup, 5, EV 70.6 MPH)
Top of the 6th over - 0 runs, 0 hits, 0 errors, 2 left on base; Southern Maryland 0 - Chester 6
BOTTOM OF THE 6TH
Chester Pirates batting - Pitching for Southern Maryland Blue Crabs : RHP Marco Benavente
Batting: LHB Dustin Herman 0-0: Ball
1-0: Foul Ball, location: 2F
1-1: Called Strike
1-2: Ball
2-2: Ball
3-2: Base on Balls
Batting: LHB Chad Cutler 0-0: Called Strike
0-1: Swinging Strike
0-2: Ball
1-2: Strikes out looking
Batting: RHB Dan Kurtz 0-0: Fielders Choice at 2nd, 3-6 (Groundball, 3, EV 79.4 MPH)
Batting: RHB Ken Manser 0-0: Fly out, F7 (Flyball, 7LS, EV 91.9 MPH)
Bottom of the 6th over - 0 runs, 0 hits, 0 errors, 1 left on base; Southern Maryland 0 - Chester 6
TOP OF THE 7TH
Southern Maryland Blue Crabs batting - Pitching for Chester Pirates : RHP Bill Gomez
Batting: RHB Carlos Teniente 0-0: Swinging Strike
0-1: Ball
1-1: Fly out, F9 (Flyball, 9S, EV 88.8 MPH)
Batting: RHB John Barton 0-0: Foul Ball, location: 2F
0-1: Swinging Strike
0-2: Ball
1-2: Ground out 6-3 (Groundball, 6, EV 96.2 MPH)
Batting: SHB Carlos Carrillo 0-0: Ball
1-0: Ball
2-0: Fly out, F7 (Flyball, 7LS, EV 85.0 MPH)
Top of the 7th over - 0 runs, 0 hits, 0 errors, 0 left on base; Southern Maryland 0 - Chester 6
BOTTOM OF THE 7TH
Chester Pirates batting - Pitching for Southern Maryland Blue Crabs : RHP Marco Benavente
Batting: RHB Frank Elizondo 0-0: Ball
1-0: Ball
2-0: Ball
3-0: Called Strike
3-1: Called Strike
3-2: Foul Ball, location: 2F
3-2: Strikes out swinging
Batting: RHB Erik Mulligan 0-0: Swinging Strike
0-1: Fly out, F9 (Flyball, 9LM, EV 109.4 MPH)
Batting: RHB Terrence Wilson 0-0: Swinging Strike
0-1: SINGLE (Flyball, 3D, EV 84.4 MPH)
Batting: SHB Don Hauk 0-0: Called Strike
0-1: Ball
1-1: Ball
2-1: Foul Ball, location: 2F
2-2: Foul Ball, location: 2F
2-2: Foul Ball, location: 2F
2-2: Ground out 4-3 (Groundball, 4, EV 88.1 MPH)
Bottom of the 7th over - 0 runs, 1 hit, 0 errors, 1 left on base; Southern Maryland 0 - Chester 6
TOP OF THE 8TH
Southern Maryland Blue Crabs batting - Pitching for Chester Pirates : RHP Bill Gomez
Batting: LHB Vinny Rivera 0-0: Called Strike
0-1: Ball
1-1: Foul Ball, location: 2F
1-2: Foul Ball, location: 2F
1-2: Fly out, F8 (Flyball, 8RS, EV 78.1 MPH)
Batting: RHB Kevin Popowicz 0-0: Ball
1-0: Called Strike
1-1: Called Strike
1-2: Foul Ball, location: 2F
1-2: Ball
2-2: Ball
3-2: Base on Balls
Batting: RHB Tony Fernandez 0-0: Foul Ball, location: 2F
0-1: Ball
1-1: Ball
2-1: Ball
3-1: Called Strike
3-2: Base on Balls
Kevin Popowicz to second
Batting: RHB Mike Pitts 0-0: Ball
1-0: Swinging Strike
1-1: Fielders Choice at 2nd, 3-6 (Groundball, 34, EV 90.0 MPH)
Kevin Popowicz to third
Batting: RHB Ethan Finke 0-0: Ball
1-0: Ball
2-0: Called Strike
2-1: Foul Ball, location: 2F
2-2: Fly out, F3 (Popup, 34S, EV 79.4 MPH)
Top of the 8th over - 0 runs, 0 hits, 0 errors, 2 left on base; Southern Maryland 0 - Chester 6
BOTTOM OF THE 8TH
Chester Pirates batting - Pitching for Southern Maryland Blue Crabs : RHP Marco Benavente
Batting: LHB Josh Aerni 0-0: Ball
1-0: Ball
2-0: Foul Ball, location: 2F
2-1: Swinging Strike
2-2: Fly out, F8 (Flyball, 8LD, EV 101.2 MPH)
Pitching: RHP Dave Patenaude
Batting: LHB Dustin Herman 0-0: Called Strike
0-1: Ball
1-1: Ball
2-1: Ball
3-1: Swinging Strike
3-2: Foul Ball, location: 2F
3-2: Base on Balls
Batting: LHB Chad Cutler 0-0: Fly out, F7 (Line Drive, 7, EV 92.5 MPH)
Batting: RHB Dan Kurtz 0-0: Ball
1-0: Foul Ball, location: 2F
1-1: Ball
2-1: Ground out 3-1 (Groundball, 34S, EV 69.4 MPH)
Bottom of the 8th over - 0 runs, 0 hits, 0 errors, 1 left on base; Southern Maryland 0 - Chester 6
TOP OF THE 9TH
Southern Maryland Blue Crabs batting - Pitching for Chester Pirates : RHP Bill Gomez
Batting: RHB Luke Vaccarino 0-0: Fly out, F9 (Flyball, 9D, EV 99.4 MPH)
Batting: RHB Carlos Teniente 0-0: Called Strike
0-1: Called Strike
0-2: Fly out, F8 (Flyball, 8LM, EV 98.1 MPH)
Batting: RHB John Barton 0-0: Called Strike
0-1: Ball
1-1: Called Strike
1-2: Foul Ball, location: 2F
1-2: Strikes out looking
Top of the 9th over - 0 runs, 0 hits, 0 errors, 0 left on base; Southern Maryland 0 - Chester 6
Wednesday, June 22nd , 2022 - OOTP Baseball 23.4 Build 64